 Dungeon Crawl Stone Soup version 0.30-a0-723-gc1506a1cf0 (webtiles) character file.

Game seed: 9277788618446521011

654 gelatine the Chopper (level 7, 0/61 HPs)
             Began as a Minotaur Fighter on Jan 28, 2023.
             Was a Believer of Okawaru.
             Slain by Duvessa
             ... wielding a +0 long sword of flaming
              (1 damage)
             ... on level 4 of the Dungeon.
             The game lasted 00:06:12 (2628 turns).

gelatine the Chopper (Minotaur Fighter)             Turns: 2628, Time: 00:06:13

Health: 0/61       AC: 10    Str: 22    XL:     7   Next: 29%
Magic:  7/7        EV: 13    Int:  5    God:    Okawaru [**....]
Gold:   231        SH:  4    Dex: 10    Spells: 6/6 levels left

rFire   . . .      SeeInvis .    a - +0 war axe
rCold   . . .      Faith    .    c - +0 buckler
rNeg    . . .      Spirit   .    h - +0 chain mail
rPois   .          Reflect  .    (helmet restricted)
rElec   .          Harm     .    j - +0 cloak
rCorr   +          Rampage  .    (no gloves)
Will    .....                    (no boots) Stlth
                                 (no amulet)
HPRegen 0.30/turn                e - ring of resist corrosion
MPRegen 0.10/turn                l - +5 ring of evasion

@: mighty
A: horns 2, retaliatory headbutt
a: Renounce Religion, Heroism


You were on level 4 of the Dungeon.
You worshipped Okawaru.
Okawaru was pleased with you.
You visited 1 branch of the dungeon, and saw 4 of its levels.

You collected 231 gold pieces.

Inventory:

Hand Weapons
 a - a +0 war axe (weapon)
Missiles
 g - 4 atropa-tipped darts (quivered)
 t - 6 javelins
Armour
 c - a +0 buckler (worn)
 h - a +0 chain mail (worn)
 j - a +0 cloak (worn)
 r - a scarf of harm
Jewellery
 e - a ring of resist corrosion (left hand)
 k - a ring of positive energy
 l - a +5 ring of evasion (right hand)
Wands
 q - a wand of mindburst (8)
 s - a wand of flame (19)
Scrolls
 i - a scroll of summoning {unknown}
 n - a scroll of identify {unknown}
 o - a scroll of vulnerability {unknown}
Potions
 d - 3 potions of curing {unknown}
 f - a potion of flight {unknown}
 m - a potion of cancellation {unknown}
 p - a potion of attraction {unknown}


   Skills:
 * Level 5.0 Fighting
 * Level 6.5 Axes
 * Level 1.2 Throwing
 * Level 4.7 Armour
 * Level 2.3 Dodging
 + Level 0.7 Stealth
 * Level 4.7 Shields
 * Level 1.6 Invocations


You had 6 spell levels left.
You didn't know any spells.
Your spell library contained the following spells:

 Spells                   Type           Power      Damage    Failure   Level
 Ensorcelled Hibernation  Hex/Ice        0%         N/A       100%        2
 Passwall                 Tmut/Erth      0%         N/A       100%        2
 Ozocubu's Armour         Ice            0%         N/A       100%        3
 Portal Projectile        Hex/Tloc       0%         N/A       100%        3
 Swiftness                Air            0%         N/A       100%        3
 Blade Hands              Tmut           0%         N/A       100%        5
 Ozocubu's Refrigeration  Ice            0%         4d7       100%        7
 Tukima's Dance           Hex            Unusable   N/A       N/A         3

Dungeon Overview and Level Annotations

Branches:
Dungeon (4/15)
 Temple: D:4-7

Altars:
Okawaru
Sif Muna
Vehumet

Annotations:
D:4 Duvessa


Innate Abilities, Weirdness & Mutations

You have a pair of horns on your head.
You reflexively headbutt those who attack you in melee.


Message History

Dowan hits you but does no damage.
You slash Dowan!
You kill Dowan!
Okawaru accepts your kill.
You hear a distant scream of rage.
Things that are here:
a +0 dagger; a +0 robe You see here Sif Muna's Quarto of Geomancy.
Duvessa, Sister of Dowan comes into view.
She is wielding a +0 long sword of flaming.
Duvessa shouts!
Duvessa goes berserk!
There is an empty arch of ancient stone here.
You hit Duvessa.
Duvessa is lightly wounded.
Duvessa hits you with a +0 long sword of flaming!
Duvessa burns you!
Duvessa hits you with a +0 long sword of flaming.
Duvessa burns you.
You closely miss Duvessa. You headbutt Duvessa, but do no damage.
Duvessa is lightly wounded.
Duvessa hits you with a +0 long sword of flaming.
Duvessa burns you.
You slash Duvessa!
Duvessa is lightly wounded.
Duvessa closely misses you. You furiously retaliate!
You headbutt Duvessa!
Duvessa hits you with a +0 long sword of flaming!
* * * LOW HITPOINT WARNING * * *
Duvessa burns you.
* * * LOW HITPOINT WARNING * * *
You slash Duvessa! Your headbutt misses Duvessa.
Duvessa is severely wounded.
Duvessa closely misses you. Duvessa barely misses you.
You feel very mighty all of a sudden. Duvessa closely misses you.
You slash Duvessa!
Duvessa is almost dead.
Duvessa hits you with a +0 long sword of flaming!
* * * LOW HITPOINT WARNING * * *
Duvessa burns you.
You die...

## ##. ##### ##..
#._.# #..e###.:.# ##
#@#...## ##. ##...##
.... ##..)## ....
##...## .... ##...##
.... #...### ....
#.....## ....
#####..####..........
##.................


You could see Duvessa (berserk).

Vanquished Creatures
  Eustachio (D:4)
  An ice beast (D:4)
  An ogre (D:4)
  Dowan (D:4)
  2 jellies (D:4)
  Robin (D:3)
  7 gnolls (D:4)
  3 adders
  2 worms (D:2)
  2 dart slugs
  6 orcs
  5 ball pythons
  8 endoplasms
  2 giant cockroaches
  23 goblins
  11 hobgoblins
  9 jackals
  5 quokkas
  3 bats
  3 frilled lizards
  4 kobolds
  10 rats
110 creatures vanquished.

Notes
Turn   | Place    | Note
-------+----------+-------------------------------------------
     0 | D:1      | gelatine the Minotaur Fighter began the quest for the Orb.
     0 | D:1      | Reached XP level 1. HP: 19/19 MP: 0/0
   305 | D:1      | Reached XP level 2. HP: 27/27 MP: 1/1
   406 | D:1      | HP: 1/27 [poisoned by a goblin]
  1146 | D:2      | Reached XP level 3. HP: 31/33 MP: 2/2
  1174 | D:2      | Reached skill level 3 in Axes
  1556 | D:3      | Noticed Robin
  1559 | D:3      | Reached XP level 4. HP: 40/40 MP: 3/3
  1569 | D:3      | Killed Robin
  1570 | D:3      | Reached skill level 1 in Dodging
  1575 | D:3      | Reached skill level 4 in Axes
  1736 | D:3      | Found a faded altar of an unknown god.
  1754 | D:3      | Prayed at the altar of an unknown god.
  1754 | D:3      | Became a worshipper of Warmaster Okawaru
  1754 | D:3      | Reached * piety under Okawaru
  1971 | D:3      | Reached XP level 5. HP: 47/47 MP: 4/4
  2105 | D:4      | Noticed an ogre
  2115 | D:4      | Killed an ogre
  2116 | D:4      | Reached skill level 5 in Axes
  2199 | D:4      | Noticed Eustachio
  2206 | D:4      | Killed Eustachio
  2206 | D:4      | Reached ** piety under Okawaru
  2207 | D:4      | Reached skill level 1 in Throwing
  2207 | D:4      | Reached skill level 1 in Invocations
  2207 | D:4      | Reached XP level 6. HP: 36/53 MP: 4/6
  2317 | D:4      | Found a radiant altar of Vehumet.
  2320 | D:4      | Noticed an ice beast
  2328 | D:4      | Killed an ice beast
  2329 | D:4      | Reached skill level 6 in Axes
  2390 | D:4      | Reached XP level 7. HP: 48/60 MP: 7/7
  2498 | D:4      | Reached skill level 5 in Fighting
  2605 | D:4      | Noticed Dowan
  2606 | D:4      | Found a shimmering blue altar of Sif Muna.
  2614 | D:4      | Killed Dowan
  2622 | D:4      | Noticed Duvessa
  2628 | D:4      | HP: 1/61 [Duvessa/+0 long sword of flaming (13)]
  2628 | D:4      | Slain by Duvessa

Illustrated notes

Levels and vault maps discovered:
D:1:      sevenhm_arrival_forest_fort_large_4, layout_loops_ring,
          due_unseen_surprise
D:2:      cheibrodos_greedy_goblins, layout_rooms
D:3:      layout_rooms, ebering_ecumenical_altar_hall, st_stairs_12,
          minmay_crystal_room, uniq_robin
D:4:      layout_cave_pools, nzn_overflow_gifts_of_might_and_magic,
          vehumet_altar_wand_db, serial_park, serial_park_square2,
          serial_park_tiny_pond, serial_park_tiny_2, serial_park_tiny_pond,
          serial_park_avenue1, uniq_eustachio

Skill      XL: |  1  2  3  4  5  6  7 |
---------------+----------------------+-----
Fighting       | 4 5 |  5.0
Armour         | 4 |  4.7
Shields        | 4 |  4.7
Axes           | 3 4 5 6 |  6.5
Dodging        | 1 2 |  2.3
Throwing       | 1 |  1.2
Invocations    | 1 |  1.6
Stealth        | |  0.7

Action                     |  1- 3 |  4- 6 |  7- 9 || total
---------------------------+-------+-------+-------++-------
  Melee: War axe           |    77 |    81 |    32 ||   190
         Headbutt          |    12 |     9 |     4 ||    25
  Throw: Dart              |       |    11 |       ||    11
    Use: Potion            |     2 |       |     1 ||     3
         Scroll            |     2 |       |       ||     2
   Stab: Invisible         |       |     1 |       ||     1
 Armour: Scale mail        |     2 |       |       ||     2
         Chain mail        |    41 |    49 |    12 ||   102
  Dodge: Dodged            |    22 |    59 |    24 ||   105
  Block: Buckler           |    20 |    22 |    10 ||    52

Table legend: (Time is in decaauts)
 A = Elapsed time spent in this place.
 B = Non-inter-level travel time spent in this place.
 C = Inter-level travel time spent in this place.
 D = Time resting spent in this place.
 E = Time spent auto-exploring this place.
 F = Levels seen in this place.
 G = Mean time per level.
                   A        B        C        D        E       F      G
               +--------+--------+--------+--------+--------+-----+--------+
         Total |   2704 |   2562 |    142 |      0 |   1921 |   4 |  676.0 |
       Dungeon |   2704 |   2562 |    142 |      0 |   1921 |   4 |  676.0 |
               +--------+--------+--------+--------+--------+-----+--------+

Top non-repeatable levels by time:
     D:1: 1045 daAuts
     D:3: 568 daAuts
     D:2: 551 daAuts
     D:4: 538 daAuts
